 Dungeon Crawl Stone Soup version 0.23-a0-261-g133332c (webtiles) character file.

3243 mhoghedin the Slicer (level 10, -5/64 HPs)
             Began as a Kobold Gladiator on Sept 29, 2018.
             Was a Priest of Dithmenos.
             Slain by a great orb of eyes (17 damage)
             ... on level 1 of the Abyss.
             The game lasted 00:21:09 (10228 turns).

mhoghedin the Slicer (Kobold Gladiator)            Turns: 10228, Time: 00:21:10

Health: -5/64      AC:  6    Str: 16    XL:     10   Next: 18%
Magic:  10/10      EV: 19    Int:  9    God:    Dithmenos [***...]
Gold:   562        SH:  0    Dex: 16    Spells: 9/9 levels left

rFire    + + .     SeeInvis +   a - +0 rapier
rCold    + . .     Gourm    .   (shield restricted)
rNeg     . . .     Faith    .   k - +0 ring mail {rF+}
rPois    .         Spirit   .   c - +0 helmet
rElec    .         Reflect  .   (no cloak)
rCorr    .         Harm     .   (no gloves)
MR       +....                  (no boots)
Stlth    +++++.....             (no amulet)
HPRegen  0.20/turn              g - ring of see invisible {sInv, !d}
MPRegen  0.12/turn              m - ring of Levity {+Fly rC+}

@: wreathed by umbra
A: small, blink, carnivore, fire resistance 1, magic resistance 1, evolution 1
a: Blink, Shadow Step, Renounce Religion, Evoke Flight


You were on level 1 of the Abyss.
You worshipped Dithmenos.
Dithmenos was most pleased with you.
You were very full.

You visited 1 branch of the dungeon, and saw 7 of its levels.
You visited the Abyss 1 time.
You also visited: Ossuary.

You collected 562 gold pieces.

Inventory:

Hand Weapons
 a - a +0 rapier (weapon)
Missiles
 d - 4 throwing nets {=f, !d}
Armour
 b - a +0 leather armour
 c - a +0 helmet (worn)
 k - a +0 ring mail of fire resistance (worn)
   (You took it off an orc on level 4 of the Dungeon)
 q - a +0 pair of gloves
   (You found it on level 7 of the Dungeon)
Jewellery
 e - a +3 ring of strength
   (You found it on level 3 of the Dungeon)
 g - a ring of see invisible (left hand) {sInv, !d}
   (You found it on level 1 of the Dungeon)
 m - the ring of Levity (right hand) {+Fly rC+}
   (You found it on level 5 of the Dungeon)

   [ring of protection from cold]

   It protects you from cold.
   It lets you fly.
 u - a +4 ring of strength
   (You found it on level 7 of the Dungeon)
Wands
 p - a wand of scattershot (3)
   (You found it on level 7 of the Dungeon)
 v - a wand of acid (1)
   (You found it on level 7 of the Dungeon)
Scrolls
 j - 5 scrolls of identify
 l - a scroll of enchant armour
 n - 2 scrolls of enchant weapon
 o - 4 scrolls of amnesia
 r - 3 scrolls of remove curse
 t - a scroll of fear
Potions
 h - a potion of lignification {!q}
 s - 3 potions of mutation {!q}
Comestibles
 f - 6 rations


   Skills:
 + Level 7.9 Fighting
 + Level 9.9 Short Blades
 - Level 2.1 Throwing
 + Level 9.1 Dodging
 + Level 9.1 Stealth


You had 9 spell levels left.
You didn't know any spells.
Your spell library contained the following spells:

 Spells                   Type           Power        Failure   Level  Hunger
 Confusing Touch          Hex            #.....       61%         1    ##.....
 Confuse                  Hex            #.......     93%         3    ####...
 Gell's Gravitas          Tloc           #.........   93%         3    ####...
 Petrify                  Tmut/Erth      #.......     100%        4    #####..
 Metabolic Englaciation   Hex/Ice        #.........   100%        5    ######.
 Yara's Violent Unravell  Hex/Tmut       #.........   100%        5    ######.


Dungeon Overview and Level Annotations

Branches:
Dungeon (7/15)             Temple (0/1) D:6

Altars:
Dithmenos
Gozag
Yredelemnul

Shops:
D:4 (

Annotations:
D:6 3 runed doors, tilp's ghost, novice MfIE
D:7 exclusion: Joseph, Joseph


Innate Abilities, Weirdness & Mutations

You are small and have problems with some larger weapons.
You are carnivorous and can eat meat at any time.
You can translocate small distances at will.
Your flesh is heat resistant. (rF+)
You are resistant to hostile enchantments. (MR+)
You evolve.


Message History

You puncture the glowing orange brain!
The glowing orange brain pulsates.
You resist with some effort.
You attempt to attack the glowing orange brain, but flinch away in fear!
You hit the glowing orange brain. The great orb of eyes gazes at you.
You easily resist.
You hit the glowing orange brain.
You hit the glowing orange brain but do no damage.
You hit the glowing orange brain.
You attempt to attack the glowing orange brain, but flinch away in fear!
You hit the glowing orange brain but do no damage.
You puncture the glowing orange brain!
The great orb of eyes barely misses you.
You puncture the glowing orange brain!
You are no longer terrified.
You kill the glowing orange brain!
Dithmenos accepts your kill.
The small abomination dissolves into shadows!
Your Dodging skill increases to level 9!
Your Stealth skill increases to level 9!
The great orb of eyes bites you!
You take 14 damage, and have 37/64 hp.
MASSIVE DAMAGE!!
The great orb of eyes bites you.
You take 1 damage, and have 36/64 hp.
Unknown command.
Okay, then.
The great orb of eyes gazes at you.
You feel your power leaking away.
You now have 5/10 mp.
Unknown command.
A large abomination comes into view.
The great orb of eyes gazes at you.
You easily resist.
The great orb of eyes gazes at you.
You feel your power leaking away.
You now have 2/10 mp.
The great orb of eyes gazes at you.
You easily resist.
A large abomination comes into view.
The great orb of eyes gazes at you. You resist with significant effort.
The great orb of eyes gazes at you.
You easily resist.
The great orb of eyes gazes at you.
You easily resist.
The great orb of eyes gazes at you.
You easily resist.
The great orb of eyes gazes at you.
You easily resist.
The great orb of eyes gazes at you.
You easily resist.
The great orb of eyes gazes at you.
You easily resist.
A large abomination comes into view.
Here: a great orb of eyes (umbra)
The floor.
Okay, then.
Unknown command.
Unknown command.
Aim: a great orb of eyes (umbra)
The burst of metal fragments hits the great orb of eyes. x3
The great orb of eyes gazes at you.
You are confused.
You barely miss the great orb of eyes. The great orb of eyes gazes at you.
You easily resist.
The great orb of eyes bites you.
You take 3 damage, and have 47/64 hp.
You're too confused to move!
The great orb of eyes bites you!
You take 12 damage, and have 35/64 hp.
You barely miss the great orb of eyes.
The great orb of eyes bites you but does no damage.
Unknown command.
You bump into the crystal wall.
You feel less confused.
The great orb of eyes barely misses you.
MP restored: 10 The great orb of eyes completely misses you.
The great orb of eyes gazes at you.
You suddenly lose the ability to move!
The great orb of eyes bites you! The great orb of eyes bites you.
The great orb of eyes bites you but does no damage.
The great orb of eyes bites you!
* * * LOW HITPOINT WARNING * * *
You can move again.
You take 26 damage, and have 11/64 hp.
MASSIVE DAMAGE!!
Unknown command.
A hell hound comes into view.
You see here a chain mail.
It was a potion of magic.
Magic courses through your body. The great orb of eyes misses you.
You hit the great orb of eyes. You hit the great orb of eyes.
You barely miss the great orb of eyes. The great orb of eyes bites you!
You die...

# # . ...
#.###.### #
. .. .#...
.. #.# ##
...#...###..
..# #..
#.#...#.. ..
#.#
#.....###.#
.# .#..hG@.#
#.#....#####
# # #..##.#
.#. #. #.# .
.#. ##..##.(
# #..##.####
# # . #..#.
.#
.#.##.#...##
. # ..
#.#..#.### .


You could see a great orb of eyes and a hell hound.

Vanquished Creatures
  An unseen horror (Abyss:1)
  A glowing orange brain (Abyss:1)
  Prince Ribbit (D:7)
  An orc warrior (D:7)
  Duvessa (D:6)
  An ice beast (D:5)
  A sky beast (D:5)
  An ogre (D:7)
  A big kobold (D:6)
  An elf zombie (Ossuary)
  4 scorpions
  Dowan (D:6)
  3 killer bees (D:6)
  A howler monkey (D:6)
  6 crimson imps
  A bullfrog zombie (D:6)
  A jelly (D:5)
  2 centaur skeletons
  2 orc priests
  3 orc wizards
  2 bullfrog skeletons
  An iguana (D:4)
  Natasha (thrice) (D:4)
  3 worker ants
  2 hound skeletons
  2 mummies (Ossuary)
  7 adders
  3 shadow imps
  2 oozes
  4 adder zombies (Ossuary)
  An adder skeleton (D:4)
  2 worms
  A dart slug (D:2)
  3 leopard geckos
  25 orcs
  4 giant cockroaches
  7 goblins
  13 hobgoblins
  12 jackals
  2 quokkas
  6 ball pythons
  A ball python skeleton (D:4)
  A bat (D:1)
  3 frilled lizards
  A goblin zombie (Ossuary)
  7 hobgoblin zombies (Ossuary)
  4 jackal zombies (Ossuary)
  11 kobolds
  9 kobold zombies (Ossuary)
  A leopard gecko zombie (D:6)
  9 orc zombies (Ossuary)
  A quokka zombie (D:7)
  12 rats
  A rat zombie (Ossuary)
200 creatures vanquished.

Vanquished Creatures (others)
  2 fungi (D:6)
  2 plants (D:6)
4 creatures vanquished.

Grand Total: 204 creatures vanquished

Notes
Turn   | Place    | Note
-------+----------+-------------------------------------------
     0 | D:1      | mhoghedin the Kobold Gladiator began the quest for the Orb.
     0 | D:1      | Reached XP level 1. HP: 12/12 MP: 1/1
    90 | D:1      | Reached XP level 2. HP: 13/18 MP: 2/2
   311 | D:1      | Reached skill level 4 in Dodging
   406 | D:1      | Reached XP level 3. HP: 22/22 MP: 3/3
   894 | D:2      | Reached skill level 3 in Fighting
   925 | D:2      | HP: 4/23 [worm (5)]
  1305 | D:2      | HP: 2/23 [worm (7)]
  1649 | D:2      | Reached XP level 4. HP: 21/28 MP: 4/4
  1735 | D:2      | Found a shadowy altar of Dithmenos.
  1788 | D:2      | Reached skill level 5 in Short Blades
  2013 | D:2      | Became a worshipper of Dithmenos the Shadowed
  2060 | D:3      | HP: 7/28 [poisoned by an adder]
  2062 | D:3      | HP: 3/28 [poisoned by an adder]
  2476 | D:3      | HP: 6/28 [orc (5)]
  2759 | D:3      | HP: 7/28 [poisoned by an adder]
  2766 | D:3      | HP: 6/28 [poisoned by an adder]
  2774 | D:3      | HP: 4/28 [poisoned by an adder]
  3072 | D:4      | Reached skill level 1 in Stealth
  3072 | D:4      | Reached XP level 5. HP: 27/32 MP: 5/5
  3407 | D:3      | HP: 12/49 [poisoned by a worker ant]
  3416 | D:3      | HP: 12/49 [poisoned by a worker ant]
  3441 | D:3      | HP: 8/33 [ball python (1)]
  3803 | D:3      | Reached skill level 2 in Stealth
  3955 | D:4      | Found Zaaq's Weapon Shoppe.
  3974 | D:4      | Noticed Natasha
  3993 | D:4      | HP: 3/33 [Natasha (8)]
  3994 | D:4      | Killed Natasha
  3994 | D:4      | Reached skill level 5 in Dodging
  4112 | D:4      | Noticed Natasha
  4440 | D:4      | Reached XP level 6. HP: 37/38 MP: 6/6
  4524 | D:4      | Reached skill level 4 in Fighting
  4814 | D:4      | Killed Natasha
  4852 | D:4      | Noticed Natasha
  4857 | D:4      | Killed Natasha
  5034 | D:4      | Reached * piety under Dithmenos
  5034 | D:4      | Reached skill level 3 in Stealth
  5238 | D:5      | Entered Level 5 of the Dungeon
  5255 | D:5      | Reached skill level 6 in Short Blades
  5454 | D:5      | Reached XP level 7. HP: 44/44 MP: 7/7
  5540 | D:5      | Found a basalt altar of Yredelemnul.
  5792 | D:5      | Reached skill level 4 in Stealth
  6155 | D:5      | Got a fine bronze ring
  6203 | D:5      | Identified the ring of Levity {+Fly rC+} (You found it on
                  | level 5 of the Dungeon)
  6304 | D:5      | Found an opulent altar of Gozag.
  6365 | D:5      | Reached skill level 6 in Dodging
  6390 | D:5      | Reached skill level 5 in Fighting
  6805 | D:6      | Noticed Duvessa
  6805 | D:6      | Noticed Dowan
  6826 | D:5      | Reached skill level 7 in Short Blades
  6826 | D:5      | Reached skill level 5 in Stealth
  6826 | D:5      | Reached XP level 8. HP: 32/49 MP: 8/8
  6941 | D:6      | Found a runed gate.
  6941 | D:6      | Found a runed gate.
  7040 | D:6      | Gained mutation: You can translocate small distances at
                  | will. [potion of mutation]
  7040 | D:6      | Gained mutation: Your flesh is heat resistant. (rF+)
                  | [potion of mutation]
  7040 | D:6      | Gained mutation: You evolve. [potion of mutation]
  7040 | D:6      | Gained mutation: You are resistant to hostile enchantments.
                  | (MR+) [potion of mutation]
  7183 | D:6      | Noticed tilp's ghost (novice MfIE)
  7198 | D:6      | Found a sand-covered staircase.
  7208 | Ossuary  | Entered an ossuary
  7452 | Ossuary  | Reached ** piety under Dithmenos
  7790 | D:6      | Found a runed gate.
  7801 | D:6      | HP: 10/50 [bullfrog skeleton (5)]
  7804 | D:6      | HP: 2/50 [bullfrog skeleton (3)]
  8151 | D:7      | Reached *** piety under Dithmenos
  8285 | D:6      | Reached skill level 7 in Dodging
  8285 | D:6      | Reached skill level 6 in Stealth
  8664 | D:7      | Noticed Prince Ribbit
  8949 | D:7      | Reached skill level 6 in Fighting
  9164 | D:7      | Reached skill level 8 in Short Blades
  9169 | D:7      | Reached XP level 9. HP: 42/55 MP: 9/9
  9301 | D:7      | Noticed Joseph
  9333 | D:7      | Killed Prince Ribbit
  9333 | D:7      | Reached skill level 7 in Stealth
  9488 | D:6      | Killed Dowan
  9488 | D:6      | Killed Duvessa
  9529 | D:6      | Reached skill level 8 in Dodging
  9647 | D:6      | Reached skill level 7 in Fighting
  9652 | D:6      | Reached skill level 9 in Short Blades
  9700 | D:6      | Found a staircase to the Ecumenical Temple.
  9842 | D:6      | HP: 7/57 [killer bee (8)]
  9852 | D:6      | HP: 18/85 [orc/hand axe (2)]
  9865 | D:6      | Cast into level 1 of the Abyss (orc wizard)
  9923 | Abyss:1  | Noticed an unseen horror
  9954 | Abyss:1  | Killed an unseen horror
  9954 | Abyss:1  | Reached skill level 8 in Stealth
  9954 | Abyss:1  | Reached XP level 10. HP: 18/63 MP: 10/10
 10090 | Abyss:1  | Noticed a smoke demon
 10104 | Abyss:1  | Noticed a glowing orange brain
 10114 | Abyss:1  | Noticed a great orb of eyes
 10125 | Abyss:1  | Killed a glowing orange brain
 10125 | Abyss:1  | Reached skill level 9 in Dodging
 10125 | Abyss:1  | Reached skill level 9 in Stealth
 10133 | Abyss:1  | Noticed a large abomination
 10147 | Abyss:1  | Noticed a large abomination
 10215 | Abyss:1  | Paralysed by a great orb of eyes for 6 turns
 10220 | Abyss:1  | HP: 11/64 [great orb of eyes (13)]
 10228 | Abyss:1  | Slain by a great orb of eyes

Vault maps used:
D:1:      saegor_arrival_miasma
D:2:      marbit_many_paths
D:3:      first_ration, minmay_joined_circles
D:4:      serial_shops, nicolae_shop_stone, uniq_natasha
D:5:      old_standard_altar, lemuel_doored_altar
D:6:      minmay_temple_entry_nine_rooms, nicolae_ossuary_entry_ruins,
          gammafunk_ghost_nasty_kobolds, grunt_ministairs_1, kennysheep_potato,
          uniq_duvessa
D:7:      minitemple, uniq_joseph, uniq_prince_ribbit1
Abyss:1:  guppyfry_abyss_exit_glass_guarded
Ossuary:  ossuary_tomb_1

Skill      XL: |  1  2  3  4  5  6  7  8  9 10 |
---------------+-------------------------------+-----
Dodging        | 4 5 6 7 8 9 |  9.1
Fighting       | 3 4 5 6 7 |  7.9
Short Blades   | 5 6 7 8 9 |  9.9
Stealth        | 1 2 3 5 6 8 9 |  9.1
Throwing       | |  2.1

Action                   |  1- 3 |  4- 6 |  7- 9 | 10-12 || total
-------------------------+-------+-------+-------+-------++-------
Melee: Rapier            |   106 |   261 |   652 |    26 ||  1045
       Unarmed           |       |       |     8 |       ||     8
Evoke: Wand              |       |       |     7 |     1 ||     8
  Use: Scroll            |       |    11 |     4 |       ||    15
       Potion            |       |     4 |     8 |     1 ||    13
 Stab: Sleeping          |     1 |     1 |     6 |       ||     8
       Invisible         |       |       |     1 |       ||     1
       Distracted        |       |       |     1 |       ||     1
  Eat: Chunk             |     8 |    15 |    11 |       ||    34
       Ration            |       |       |     2 |       ||     2
Armor: Leather armour    |    14 |    26 |       |       ||    40
       Skin              |       |    14 |    11 |       ||    25
       Ring mail         |       |    15 |   117 |     2 ||   134
Dodge: Dodged            |    80 |   197 |   680 |     4 ||   961

Table legend:
 A = Non-vault XP
 B = Vault XP
 C = Vault XP percentage of total XP
 D = Non-vault monster count
 E = Vault monster count
 F = Vault count percentage of total count
                 A         B        C        D         E       F
            +---------+---------+-------+---------+---------+-------
      Total |    3866 |     767 |  16.6 |     154 |      46 |  23.0
            +---------+---------+-------+---------+---------+-------
        D:1 |      42 |       0 |   0.0 |      24 |       0 |   0.0
        D:2 |      57 |       2 |   3.4 |      18 |       1 |   5.3
        D:3 |      90 |       0 |   0.0 |      19 |       0 |   0.0
        D:4 |     222 |      35 |  13.6 |      21 |       1 |   4.5
        D:5 |     707 |      70 |   9.0 |      23 |       1 |   4.2
        D:6 |     669 |     208 |  23.7 |      29 |       4 |  12.1
        D:7 |     622 |     268 |  30.1 |      18 |       1 |   5.3
    Abyss:1 |    1457 |       0 |   0.0 |       2 |       0 |   0.0
    Ossuary |       0 |     184 | 100.0 |       0 |      38 | 100.0
            +---------+---------+-------+---------+---------+-------

Vault maps used:
D:1:      saegor_arrival_miasma
D:2:      marbit_many_paths
D:3:      first_ration, minmay_joined_circles
D:4:      serial_shops, nicolae_shop_stone, uniq_natasha
D:5:      old_standard_altar, lemuel_doored_altar
D:6:      minmay_temple_entry_nine_rooms, nicolae_ossuary_entry_ruins,
          gammafunk_ghost_nasty_kobolds, grunt_ministairs_1, kennysheep_potato,
          uniq_duvessa
D:7:      minitemple, uniq_joseph, uniq_prince_ribbit1
Abyss:1:  guppyfry_abyss_exit_glass_guarded
Ossuary:  ossuary_tomb_1

Table legend:
 A = Turns spent in this place as a percentage of turns spent in the entire game.
 B = Non-inter-level travel turns spent in this place as a percentage of non-inter-level travel turns spent in the entire game.
 C = Inter-level travel turns spent in this place as a percentage of turns spent in this place.
 D = Turns resting spent in this place as a percentage of non-inter-level travel turns spent in this place.
 E = Turns spent auto-exploring this place as a percentage of non-inter-level travel turns spent in this place.
 F = Non-inter-level travel turns spent in this place divided by the number of levels of this place that you've seen.
                   A       B       C       D       E      F
               +-------+-------+-------+-------+-------+----------------------
         Total | 100.0 | 100.0 |   5.3 |  41.2 |  33.3 | 1076.4
       Dungeon |  90.9 |  90.3 |   5.8 |  41.7 |  35.4 | 1250.4
         Abyss |   3.5 |   3.7 |   0.0 |  53.7 |   0.0 | 363.0
       Ossuary |   5.6 |   5.9 |   0.0 |  25.5 |  21.3 | 572.0
               +-------+-------+-------+-------+-------+----------------------

Table legend:
 A = Kills in this place as a percentage of kills in entire the game.
 B = Kills by you in this place as a percentage of kills by you in the entire game.
 C = Kills by friends in this place as a percentage of kills by friends in the entire game.
 D = Other kills in this place as a percentage of other kills in the entire game.
 E = Experience gained in this place as a percentage of experience gained in the entire game.
 F = Experience gained in this place divided by the number of levels of this place that you have seen.
                   A       B       C       D       E      F
               +-------+-------+-------+-------+-------+----------------------
         Total | 100.0 | 100.0 |   N/A |   N/A | 100.0 | 514.8
       Dungeon |  80.0 |  80.0 |   N/A |   N/A |  64.6 | 427.4
         Abyss |   1.0 |   1.0 |   N/A |   N/A |  31.4 | 1457.0
       Ossuary |  19.0 |  19.0 |   N/A |   N/A |   4.0 | 184.0
               +-------+-------+-------+-------+-------+----------------------
